 Dungeon Crawl Stone Soup version 0.20.0 (webtiles) character file.

129 Morsion the Slasher (level 5, -4/41 HPs)
             Began as a Human Monk on June 2, 2017.
             Killed from afar by an orc wizard (9 damage)
             ... with a magic dart
             ... on level 3 of the Dungeon.
             The game lasted 00:10:01 (4038 turns).

Morsion the Slasher (Human Monk)                    Turns: 4038, Time: 00:10:01

Health: -4/41      AC:  9    Str: 17    XL:     5   Next: 35%
Magic:  5/5        EV:  5    Int: 11    God:
Gold:   132        SH:  7    Dex: 15    Spells: 4/4 levels left

rFire    . . .     SeeInvis .   a - +0 falchion
rCold    . . .     Gourm    .   g - +0 shield
rNeg     . . .     Faith    .   h - +0 chain mail
rPois    .         Spirit   .   m - +0 helmet
rElec    .         Reflect  .   (no cloak)
rCorr    .         Harm     .   (no gloves)
MR       .....                  (no boots)
Stlth    ..........             (no amulet)
Regen    0.2/turn               (no ring)
MPRegen  0.1/turn               (no ring)

@: mighty, flying
A: no striking features
a: no special abilities


You were on level 3 of the Dungeon.
You were hungry.

You visited 1 branch of the dungeon, and saw 4 of its levels.

You collected 132 gold pieces.

Inventory:

Hand Weapons
 a - a +0 falchion (weapon)
Armour
 b - a +0 robe
 g - a +0 shield (worn)
 h - a +0 chain mail (worn)
 m - a +0 helmet (worn)
Jewellery
 t - a +3 ring of intelligence {unknown}
Scrolls
 f - 5 scrolls of remove curse
 j - 2 scrolls of amnesia
 l - 3 scrolls of magic mapping
 n - a scroll of fog
Potions
 d - a potion of cancellation {unknown}
 e - 3 potions of might
 i - 2 potions of degeneration {unknown}
 k - 2 potions of flight
 o - a potion of heal wounds {unknown}
 p - a potion of agility {unknown}
Comestibles
 c - a bread ration
 u - a meat ration
 v - a royal jelly


   Skills:
 + Level 3.4 Fighting
 * Level 3.9 Long Blades
 + Level 2.2 Armour
 + Level 3.4 Dodging
 + Level 2.8 Stealth


You had 4 spell levels left.
You didn't know any spells.

Dungeon Overview and Level Annotations

Branches:
Dungeon (4/15)
 Temple: D:4-7

Altars:
Ru


Message History

You are too injured to fight recklessly!
You feel very mighty all of a sudden. The orc wizard barely misses you.
You closely miss the orc wizard. The orc wizard barely misses you.
You hit the orc wizard.
The orc wizard is moderately wounded.
You block the orc wizard's attack.
You barely miss the orc wizard.
The orc wizard is moderately wounded.
The orc wizard hits you with a great mace!
* * * LOW HITPOINT WARNING * * *
The orc wizard gestures at you while chanting.
The magic dart hits you!
* * * LOW HITPOINT WARNING * * *
It was a potion of flight.
You feel very buoyant.
You fly up into the air.
The orc wizard casts a spell at you. The magic dart hits you!
You die...

############### #.............#
######## #.............# #......#
#########.............####......#
.............................>..#
...^....######..................#
.........(.# #..................#
.......(##.# #...o..............#
......(.##.# #..@...............#
........##.###...........†......#
##########...........[[......####
##############............†..#
...................#########.#
#########......###.#########.#
#########..................#.#
........#..................#.#
........#..................#.#


You could see an orc wizard.

Vanquished Creatures
  4 adders
  2 oozes
  2 worms (D:3)
  2 dart slugs
  A leopard gecko (D:3)
  7 orcs
  8 bats
  2 giant cockroaches (D:3)
  11 goblins
  4 hobgoblins
  5 jackals
  A quokka (D:3)
  A ball python (D:3)
  2 frilled lizards
  5 kobolds
  9 rats
66 creatures vanquished.

Notes
Turn   | Place    | Note
-------+----------+-------------------------------------------
     0 | D:1      | Morsion the Human Monk began the quest for the Orb.
     0 | D:1      | Reached XP level 1. HP: 18/18 MP: 1/1
    19 | D:1      | Reached XP level 2. HP: 24/24 MP: 2/2
   308 | D:1      | Reached skill level 1 in Armour
   402 | D:1      | Reached XP level 3. HP: 29/29 MP: 3/3
  1290 | D:2      | Found a sacrificial altar of Ru.
  2031 | D:2      | Reached XP level 4. HP: 32/35 MP: 4/4
  3364 | D:3      | Reached XP level 5. HP: 23/41 MP: 5/5
  3989 | D:4      | Noticed an ogre
  4038 | D:3      | Killed from afar by an orc wizard

Skill      XL: |  1  2  3  4 |
---------------+-------------+-----
Armour         | 1 2 |  2.2
Fighting       | |  3.4
Long Blades    | |  3.9
Dodging        | |  3.4
Stealth        | |  2.8

Action                   |  1- 3 |  4- 6 || total
-------------------------+-------+-------++-------
Melee: Falchion          |    98 |   175 ||   273
  Use: Scroll            |       |     8 ||     8
       Potion            |       |     2 ||     2
 Stab: Sleeping          |     4 |     1 ||     5
       Distracted        |     1 |     1 ||     2
  Eat: Chunk             |     3 |     2 ||     5
       Bread ration      |       |     1 ||     1
Armor: Robe              |    24 |     9 ||    33
       Chain mail        |       |    81 ||    81
Dodge: Dodged            |    67 |    45 ||   112
Block: Shield            |    39 |    62 ||   101
       Rpst.: Falchion   |    25 |    14 ||    39
